 Dungeon Crawl Stone Soup version 0.25.1-8-g42b30a86e7 (webtiles) character file.

Game seed: 13495861068982238262

1866 Sharkman1231 the Reanimator (level 8, -1/72 HPs)
             Began as a Deep Dwarf Necromancer on Dec 2, 2020.
             Was an Initiate of Makhleb.
             Killed by divine providence
             ... invoked by an orc priest
              (7 damage)
             ... on level 7 of the Dungeon on Dec 3, 2020.
             The game lasted 00:11:15 (8048 turns).

Sharkman1231 the Reanimator (DDNe)                  Turns: 8048, Time: 00:11:15

Health: -1/72      AC:  6    Str: 11    XL:     8   Next: 90%
Magic:  14/14      EV: 13    Int: 23    God:    Makhleb [......]
Gold:   332        SH:  0    Dex: 13    Spells: 11/15 levels left

rFire    + . .     SeeInvis +   C - +2 hand axe (vorpal)
rCold    . . .     Gourm    .   (no shield)
rNeg     . . .     Faith    +   D - +1 leather armour of the Furrier {rF+ Int+4}
rPois    .         Spirit   .   (no helmet)
rElec    .         Reflect  .   F - +0 cloak
rCorr    .         Harm     .   (no gloves)
MR       +....                  k - +0 pair of boots
Stlth    ++........             u - amulet of faith
HPRegen  0.00/turn              B - ring of stealth
MPRegen  0.14/turn              A - ring of see invisible

@: non-regenerating, heavily drained
A: damage resistance, heal wounds, sense surroundings 1, no regeneration
a: Heal Wounds, Renounce Religion


You were on level 7 of the Dungeon.
You worshipped Makhleb.
Makhleb was noncommittal.
You were not hungry.

You visited 2 branches of the dungeon, and saw 8 of its levels.

You collected 332 gold pieces.

Inventory:

Hand Weapons
 a - a +0 war axe
 C - a +2 vorpal hand axe (weapon)
Armour
 k - a +0 pair of boots (worn)
 t - a +1 scale mail of positive energy
 D - the +1 leather armour of the Furrier (worn) {rF+ Int+4}
   (You found it on level 4 of the Dungeon)

   It affects your intelligence (+4).
   It protects you from fire.
 F - a +0 cloak (worn)
 J - the +2 leather armour of Lethargy {Harm +Blink rN++ Dex-5}
   (You found it on level 7 of the Dungeon)

   It affects your dexterity (-5).
   It greatly protects you from negative energy.
   It lets you blink.
   It increases damage dealt and taken.
Jewellery
 i - an uncursed ring of flight
 m - a +6 ring of dexterity
 u - an amulet of faith (around neck)
 A - a ring of see invisible (right hand)
 B - a ring of stealth (left hand)
Wands
 d - a wand of random effects (7)
 s - a wand of digging (4)
 G - a wand of flame (13)
Scrolls
 b - 7 scrolls of remove curse {unknown}
 e - a scroll of fog {unknown}
 f - 3 scrolls of fear
 g - a scroll of immolation {unknown}
 h - 2 scrolls of random uselessness {unknown}
 j - a scroll of noise
 l - a scroll of blinking {unknown}
 n - 2 scrolls of amnesia {unknown}
 p - 2 scrolls of teleportation {unknown}
 r - a scroll of enchant armour {unknown}
 y - a scroll of identify
 I - a scroll of magic mapping {unknown}
Potions
 o - 5 potions of curing
 q - 2 potions of haste
 v - a potion of stabbing {unknown}
 w - 2 potions of ambrosia
 x - 2 potions of heal wounds
 z - 2 potions of cancellation {unknown}
 E - 2 potions of flight {unknown}
Comestibles
 c - 14 rations
 H - 3 chunks of flesh


   Skills:
 + Level 4.2(3.0) Fighting
 + Level 3.5(2.3) Axes
 + Level 5.7(4.4) Dodging
 - Level 2.4(1.2) Stealth
 + Level 4.2(2.9) Spellcasting
 * Level 9.0(7.6) Necromancy


You had 11 spell levels left.
You knew the following spells:

 Your Spells              Type           Power        Failure   Level  Hunger
a - Pain                  Necr           ####         1%          1    None
b - Vampiric Draining     Necr           #####.....   1%          3    ###....

Your spell library contained the following spells:

 Spells                   Type           Power        Failure   Level  Hunger
 Animate Skeleton         Necr           N/A          1%          1    None
 Animate Dead             Necr           N/A          7%          4    ####...
 Corona                   Hex            #......      16%         1    None
 Agony                    Necr           #####...     19%         5    ######.
 Ensorcelled Hibernation  Hex/Ice        #.....       24%         2    ##.....
 Confusing Touch          Hex            #.......     43%         3    ###....
 Dazzling Flash           Conj/Hex       #.....       43%         3    ###....
 Tukima's Dance           Hex            #.......     43%         3    ###....


Dungeon Overview and Level Annotations

Branches:
Dungeon (7/15)             Temple (1/1) D:6

Altars:
Ashenzari
Cheibriados
Dithmenos
Elyvilon
Fedhas
Gozag
Hepliaklqana
Kikubaaqudgha
Makhleb
Nemelex Xobeh
Okawaru
Ru
Sif Muna
Trog
Uskayaw
Vehumet
Xom
Yredelemnul
Zin
The Shining One

Annotations:
D:4 Dowan, Duvessa


Innate Abilities, Weirdness & Mutations

You are resistant to damage.
You can heal yourself by infusing magical energy.
You passively map a small area around you.
You do not regenerate.


Message History

You finish putting on the +1 leather armour of the Furrier {rF+ Int+4}.
You feel clever.
Unknown command.
You start resting.
Magic restored.
Unknown command.
z - 2 ruby potions (gained 1) Some of the chunks of flesh in your inventory have rotted away.
An orc wizard comes into view. It is wielding a +0 dagger.
An orc wizard is nearby!
An orc priest and a zombie come into view.
The orc priest shouts!
The orc wizard shouts!
The orc priest moves out of view.
Found an escape hatch in the floor.
An orc comes into view.
The orc moves out of view.
A jelly comes into view.
The orc priest mumbles some strange prayers to Beogh against you.
Beogh smites you!
You die...

#....#...............
#....................
####.#...............
#................#.
#....#######.....#.
##...# , #.......
#....#, ,#.......
#....# ', , .....
#.@..# ,*, , ...
*##o#Z# ,* , . ** ,
#.#.#+ * , . ,.....,
, , ....%.., ,
,..J......, , ,
......o...., ,
###......o..., , ,


You could see a jelly (wandering), an orc priest, an orc wizard and a hound
zombie.

Vanquished Creatures
  Sigmund (D:2)
  An orc warrior (D:6)
  A phantom (D:5)
  An ice beast (D:7)
  2 ogres (D:6)
  A centaur (D:3)
  A bullfrog (D:6)
  2 scorpions (D:5)
  3 wights (D:6)
  A howler monkey (D:5)
  A quasit (D:6)
  3 hounds
  2 orc priests (D:4)
  6 orc wizards
  A centaur skeleton (D:5)
  Ijyb (D:3)
  Natasha (twice) (D:3)
  Terence (D:3)
  2 iguanas
  3 worker ants
  2 worker ant zombies
  11 adders
  3 shadow imps
  2 oozes
  A worm (D:3)
  2 dart slugs
  5 leopard geckos
  13 orcs
  3 bats
  6 giant cockroaches
  7 goblins
  8 hobgoblins
  7 jackals
  6 kobolds
  A quokka (D:4)
  3 ball pythons
  A ball python zombie (D:5)
  4 frilled lizards
  A leopard gecko skeleton (D:4)
  A quokka skeleton (D:7)
  9 rats
132 creatures vanquished.

Vanquished Creatures (others)
  Natasha (D:3)
  A plant (D:2)
2 creatures vanquished.

Grand Total: 134 creatures vanquished

Notes
Turn   | Place    | Note
-------+----------+-------------------------------------------
     0 | D:1      | Sharkman1231 the Deep Dwarf Necromancer began the quest for
                  | the Orb.
     0 | D:1      | Reached XP level 1. HP: 15/15 MP: 3/3
   364 | D:1      | Reached XP level 2. HP: 24/24 MP: 0/4
  1280 | D:2      | Reached XP level 3. HP: 30/30 MP: 1/5
  1338 | D:2      | Reached skill level 1 in Fighting
  1338 | D:2      | Reached skill level 5 in Necromancy
  1456 | D:2      | Found a radiant altar of Vehumet.
  1603 | D:2      | Found a faded altar of an unknown god.
  1894 | D:2      | Found a basalt altar of Yredelemnul.
  2117 | D:3      | Reached XP level 4. HP: 35/38 MP: 4/7
  2195 | D:3      | Noticed Sigmund
  2210 | D:3      | Noticed Natasha
  2329 | D:2      | Learned a level 3 spell: Vampiric Draining
  2497 | D:3      | Noticed a centaur
  2591 | D:3      | Reached XP level 5. HP: 21/44 MP: 4/8
  2693 | D:2      | Killed Sigmund
  2693 | D:2      | Reached skill level 6 in Necromancy
  2693 | D:2      | Reached XP level 6. HP: 13/52 MP: 4/10
  2751 | D:3      | Killed Natasha
  3083 | D:3      | Noticed Terence
  3123 | D:3      | Killed Terence
  3656 | D:3      | Noticed Ijyb
  3676 | D:3      | Killed Ijyb
  3926 | D:3      | Noticed Natasha
  3956 | D:3      | Killed Natasha
  3956 | D:3      | Reached XP level 7. HP: 48/61 MP: 4/11
  4135 | D:3      | Noticed Natasha
  4140 | D:3      | Killed Natasha
  4530 | D:4      | Noticed Dowan
  4535 | D:4      | Noticed Duvessa
  4553 | D:4      | Reached skill level 7 in Necromancy
  5193 | D:4      | Reached skill level 1 in Axes
  5535 | D:4      | Got a slimy leather armour
  5546 | D:4      | Identified the +1 leather armour of the Furrier {rF+ Int+4}
                  | (You found it on level 4 of the Dungeon)
  5629 | D:5      | Entered Level 5 of the Dungeon
  6249 | D:5      | Reached XP level 8. HP: 38/69 MP: 3/13
  6523 | D:6      | Found a shimmering blue altar of Sif Muna.
  6535 | D:6      | Reached skill level 5 in Dodging
  6535 | D:6      | Reached skill level 8 in Necromancy
  6982 | D:6      | Found a staircase to the Ecumenical Temple.
  6997 | Temple   | Entered the Ecumenical Temple
  7226 | Temple   | Became a worshipper of Makhleb the Destroyer
  7798 | D:7      | Reached skill level 9 in Necromancy
  7815 | D:7      | Found a shadowy altar of Dithmenos.
  7817 | D:7      | Found a shadowy altar of Dithmenos.
  7817 | D:7      | Found a shimmering altar of Xom.
  7821 | D:7      | Found a blossoming altar of Fedhas.
  7821 | D:7      | Found a shimmering altar of Xom.
  7821 | D:7      | Found an iron altar of Okawaru.
  7986 | D:7      | Got a pitted leather armour
  7997 | D:7      | Identified the +2 leather armour of Lethargy {Harm +Blink
                  | rN++ Dex-5} (You found it on level 7 of the Dungeon)
  8048 | D:7      | Killed from afar by an orc priest

Illustrated notes

Levels and vault maps discovered:
D:1:      heliophobic_arrival_dark_side_of_the_moon, layout_basic
D:2:      layout_basic, lemuel_crystal_altar, overflow_temple_1_default,
          chequers_ecumenical_altar_lobes
D:3:      layout_basic, uniq_sigmund, uniq_terence, uniq_natasha, uniq_ijyb
D:4:      layout_gridville, kennysheep_generic_room_16, uniq_duvessa
D:5:      layout_basic, first_ration
D:6:      layout_rooms, minmay_temple_entry_mini_moons, minmay_ruined_shrine
D:7:      layout_cave_pools, doesnt_xom_only_xom, grunt_livestock,
          minmay_fractal_squares_5
Temple:   nicolae_temple_elliptical

Skill      XL: |  1  2  3  4  5  6  7  8 |
---------------+-------------------------+-----
Fighting       | 1 2 3 4 |  4.2
Necromancy     | 5 6 7 9 |  9.0
Spellcasting   | 2 3 4 |  4.2
Dodging        | 3 4 5 |  5.7
Axes           | 2 3 |  3.5
Stealth        | |  2.4

Action                   |  1- 3 |  4- 6 |  7- 9 || total
-------------------------+-------+-------+-------++-------
Melee: Unarmed           |     5 |    42 |       ||    47
       War axe           |       |     5 |    29 ||    34
       Hand axe          |       |       |   148 ||   148
 Cast: Pain              |    63 |    49 |    21 ||   133
       Vampiric Draining |       |    28 |    56 ||    84
Evoke: Wand              |       |       |    16 ||    16
  Use: Potion            |       |     2 |       ||     2
       Scroll            |       |     1 |     4 ||     5
 Stab: Sleeping          |     1 |       |     3 ||     4
  Eat: Chunk             |     5 |     5 |    14 ||    24
       Ration            |       |     1 |     1 ||     2
Armor: Robe              |     3 |    10 |     5 ||    18
       Skin              |       |     7 |       ||     7
       Leather armour    |       |       |    83 ||    83
Dodge: Dodged            |    10 |    79 |   213 ||   302
